 Dungeon Crawl Stone Soup version 0.27.0-1-g7a089689b8 (webtiles) character file.

Game seed: 4576599105104319506

108 Smaepdii the Poker (level 4, -2/35 HPs)
             Began as a Merfolk Gladiator on Aug 12, 2021.
             Killed by divine providence
             ... invoked by an orc priest
              (13 damage)
             ... on level 3 of the Dungeon.
             The game lasted 00:06:18 (1911 turns).

Smaepdii the Poker (Merfolk Gladiator)              Turns: 1911, Time: 00:06:19

Health: -2/35      AC:  4    Str: 14    XL:     4   Next: 87%
Magic:  4/4        EV: 13    Int:  7    God:
Gold:   24         SH:  0    Dex: 16    Spells: 3/3 levels left

rFire    . . .     SeeInvis .   a - +0 trident
rCold    . . .     Faith    .   (no shield)
rNeg     . . .     Spirit   .   b - +0 leather armour
rPois    .         Reflect  .   c - +0 helmet
rElec    .         Harm     .   (no cloak)
rCorr    .         Rampage  .   (no gloves)
Will     .....                  (no boots)
Stlth    +.........             (no amulet)
HPRegen  0.11/turn              (no ring)
MPRegen  0.09/turn              (no ring)

@: no status effects
A: (nimble swimmer 2), mertail
a: no special abilities


You were on level 3 of the Dungeon.
You visited 1 branch of the dungeon, and saw 3 of its levels.

You collected 114 gold pieces.
You spent 90 gold pieces at shops.

Inventory:

Hand Weapons
 a - a +0 trident (weapon)
Missiles
 d - 2 throwing nets (quivered)
Armour
 b - a +0 leather armour (worn)
 c - a +0 helmet (worn)
Scrolls
 e - 2 scrolls of amnesia {unknown}
 f - 2 scrolls of identify {unknown}
 g - a scroll of summoning {unknown}
Potions
 h - a potion of haste {unknown}
 i - 2 potions of heal wounds {unknown}
 j - 2 potions of curing


   Skills:
 + Level 3.2 Fighting
 * Level 5.9 Polearms
 - Level 2.2 Throwing
 + Level 4.8 Dodging
 + Level 1.4 Ice Magic


You had 3 spell levels left.
You didn't know any spells.
Your spell library contained the following spells:

 Spells                   Type           Power      Damage    Failure   Level
 Ozocubu's Armour         Ice            1%         N/A       69%         3
 Metabolic Englaciation   Hex/Ice        0%         N/A       100%        5
 Simulacrum               Ice/Necr       0%         N/A       100%        6


Dungeon Overview and Level Annotations

Branches:
Dungeon (3/15)

Altars:
Zin
The Shining One


Innate Abilities, Weirdness & Mutations

((You are quick and stealthy near water. (Stealth+, EV+, Speed+++)))
Your lower body shifts to a powerful aquatic tail in water.


Message History

The ball python misses you.
You hit the ball python.
You kill the ball python!
Reach: a) +0 trident
Press: ? - help, Dir - move target, f - orc
Aim: an orc, wielding a +0 hand axe and wearing a +0 scale mail (about 35% to evade your +0 trident)
You reach to attack!
You hit the orc but do no damage. You hit the orc.
The orc is lightly wounded.
The orc closely misses you.
You hit the orc but do no damage.
The orc is lightly wounded.
The orc priest invokes the aid of Beogh against you.
Beogh smites you! The orc closely misses you.
You completely miss the orc.
The orc is lightly wounded.
Reach: a) +0 trident
Press: ? - help, Dir - move target, f - orc priest, p - orc
Aim: an orc priest, wielding a +0 hand axe and wearing a +0 leather armour (about 38% to evade your +0 trident)
You reach to attack!
You hit the orc priest.
The orc priest is moderately wounded.
The orc barely misses you.
You closely miss the orc priest.
The orc priest is moderately wounded.
The orc priest hits you but does no damage.
The orc hits you with a +0 hand axe.
You hit the orc priest.
The orc priest is moderately wounded.
The orc priest calls down the wrath of Beogh upon you.
You barely resist. The orc hits you with a +0 hand axe.
You hit the orc priest.
The orc priest is severely wounded.
The orc priest looks encouraged for a moment.
The orc hits you with a +0 hand axe.
You hit the orc priest.
The orc priest is almost dead.
The rat barely misses you.
The orc priest invokes the aid of Beogh against you.
Beogh smites you!
You die...

####...†..#.#
#......)#...#
#......###..#
#...∩.._⌠#.#######
#......###........
#.......#.........
#.................
#....ro##.........
#....o@##.........
#......##..######
#########S(.#
##..# #.o# ##.##
#..# ##.# #..#


You could see an orc priest, an orc and a rat.

Vanquished Creatures
  A hound skeleton (D:2)
  3 adders
  An adder skeleton (D:2)
  An adder zombie (D:2)
  2 dart slugs
  4 ball pythons
  2 bat zombies (D:2)
  7 endoplasms
  2 giant cockroaches
  6 goblins
  2 hobgoblins (D:1)
  4 jackals (D:2)
  A quokka (D:2)
  5 bats
  2 frilled lizards
  A jackal skeleton (D:2)
  7 kobolds
  A quokka zombie (D:2)
  4 rats
56 creatures vanquished.

Vanquished Creatures (others)
  A fungus (D:1)
  8 withered plants (D:2)
9 creatures vanquished.

Grand Total: 65 creatures vanquished

Notes
Turn   | Place    | Note
-------+----------+-------------------------------------------
     0 | D:1      | Smaepdii the Merfolk Gladiator began the quest for the Orb.
     0 | D:1      | Reached XP level 1. HP: 16/16 MP: 1/1
    50 | D:1      | You fall into a shaft and drop 1 floor!
    61 | D:2      | Reached XP level 2. HP: 8/23 MP: 2/2
   427 | D:2      | Reached skill level 5 in Polearms
   435 | D:2      | Reached XP level 3. HP: 27/28 MP: 3/3
   464 | D:2      | Found a glowing golden altar of the Shining One.
  1092 | D:1      | Reached XP level 4. HP: 34/35 MP: 4/4
  1346 | D:2      | Reached skill level 1 in Ice Magic
  1766 | D:3      | Found Zin's Purification Station.
  1870 | D:3      | Found a glowing silver altar of Zin.
  1873 | D:3      | Bought a potion of curing for 90 gold pieces
  1911 | D:3      | Killed from afar by an orc priest

Illustrated notes

Levels and vault maps discovered:
D:1:      dpeg_cavernosity, layout_rooms
D:2:      layout_loops_ring, serial_undead, serial_undead_e, serial_undead_d,
          serial_undead_c, serial_undead_a, serial_undead_e, serial_undead_a,
          serial_undead_b, serial_undead_b, basic_altar,
          kennysheep_generic_room_9
D:3:      layout_basic, zin_purify, serial_shops, shop, bh_walls_and_bars

Skill      XL: |  1  2  3  4 |
---------------+-------------+-----
Polearms       | 5 |  5.9
Fighting       | 3 |  3.2
Ice Magic      | 1 |  1.4
Throwing       | |  2.2
Dodging        | |  4.8

Action                   |  1- 3 |  4- 6 || total
-------------------------+-------+-------++-------
Melee: Trident           |   101 |    67 ||   168
Throw: Throwing net      |     2 |       ||     2
 Stab: Held in net/web   |     1 |       ||     1
       Sleeping          |     1 |     2 ||     3
Armor: Leather armour    |    25 |    17 ||    42
Dodge: Dodged            |    57 |    35 ||    92
